[ AOE2 MATCH · #505809433 ]
UnrankedPersians vs Huns
[ REPLAY ANALYSIS · EXTRACTED FROM THE RECORDED GAME ]
Feudal
12:21
Castle
20:43
Imperial
—
| APM avg | 54.7 |
| APM peak | 188 |
| eAPM avg | 36.1 |
| Villagers / military | 100 / 118 |
Focus
⚔️ 81.5% · 🌾 18.5%
Knight ×56 · Camel Scout ×46 · Scout Cavalry ×15 · Fishing Ship ×8 · Monk ×1
Feudal
13:10
Castle
17:05
Imperial
27:37
| APM avg | 47.7 |
| APM peak | 108 |
| eAPM avg | 28.8 |
| Villagers / military | 145 / 85 |
Focus
⚔️ 28.3% · 🌾 71.7%
Genoese Crossbowman ×72 · Trebuchet (Packed) ×10 · Fishing Ship ×7 · Unknown (2626) ×5 · Fire Galley ×3
Feudal
14:14
Castle
17:56
Imperial
35:05
| APM avg | 26.9 |
| APM peak | 65 |
| eAPM avg | 17.1 |
| Villagers / military | 128 / 192 |
Focus
⚔️ 34.3% · 🌾 65.7%
Tarkan ×152 · Galley ×35 · Fishing Ship ×16 · Unknown (1795) ×4 · Trebuchet (Packed) ×3 · Spearman ×2
Feudal
12:58
Castle
18:04
Imperial
—
| APM avg | 32.9 |
| APM peak | 79 |
| eAPM avg | 12.2 |
| Villagers / military | 113 / 74 |
Focus
⚔️ 15.4% · 🌾 84.6%
Skirmisher ×65 · Unknown (2626) ×12 · Mameluke ×9 · Fishing Ship ×7
Feudal
14:13
Castle
20:10
Imperial
40:58
| APM avg | 31.9 |
| APM peak | 76 |
| eAPM avg | 16.7 |
| Villagers / military | 187 / 101 |
Focus
⚔️ 25.3% · 🌾 74.7%
Archer ×63 · Spearman ×31 · Unknown (2626) ×26 · Fishing Ship ×10 · Unknown (882) ×4 · Karambit Warrior ×4
Feudal
14:39
Castle
18:37
Imperial
—
| APM avg | 58.7 |
| APM peak | 120 |
| eAPM avg | 25.5 |
| Villagers / military | 121 / 147 |
Focus
⚔️ 24.8% · 🌾 75.2%
Conquistador ×72 · Skirmisher ×65 · Fishing Ship ×10 · Battering Ram ×10
Match map
Initial resources + every placement click. Lines = walls · curves = elevation contours. ◆ gold · ⬟ stone · ● berries · ✦ relic · ◌ wall gap
Your base· Open — unwalled flank
Falso Caballero's base· Open — 14t gap
Mr. C's base· Open — 11t gap
Mr. Fay's base· Open — 7t gap
HIX | Milongo's base· Open — 12t gap
Mr. Bannon's base· Open — 7t gap
Smoothed initial terrain · ◌ = detected wall gap · hover for details
Inputs per minute
— Dadagama - - Falso Caballero
Build order — Dadagama
First 150 of 219 actions detected
| 0:28 | Build | Town Center |
| 1:16 | Build | Dock |
| 1:17 | Build | House |
| 2:37 | Create | Villager (Male) ×5 |
| 2:37 | Create | Villager (Male) ×5 |
| 2:39 | Create | Fishing Ship |
| 3:58 | Create | Fishing Ship |
| 3:59 | Create | Fishing Ship |
| 4:02 | Create | Villager (Male) |
| 4:02 | Create | Villager (Male) |
| 4:07 | Build | House |
| 4:46 | Create | Fishing Ship |
| 4:56 | Build | House |
| 5:22 | Create | Villager (Male) |
| 5:26 | Create | Fishing Ship |
| 5:26 | Create | Fishing Ship |
| 5:38 | Research | Loom |
| 6:08 | Build | House |
| 6:17 | Create | Villager (Male) |
| 6:18 | Create | Fishing Ship |
| 6:31 | Build | House |
| 6:38 | Create | Villager (Male) |
| 6:45 | Create | Fishing Ship |
| 6:59 | Create | Villager (Male) |
| 7:07 | Build | House |
| 7:21 | Create | Villager (Male) |
| 7:42 | Create | Villager (Male) |
| 7:42 | Create | Villager (Male) |
| 7:46 | Build | Lumber Camp |
| 7:57 | Create | Villager (Male) |
| 8:11 | Create | Villager (Male) |
| 8:22 | Build | House |
| 8:35 | Create | Villager (Male) |
| 9:07 | Build | House |
| 9:19 | Create | Villager (Male) |
| 9:53 | Create | Villager (Male) |
| 10:02 | Build | Barracks |
| 10:14 | Research | Feudal Age |
| 10:50 | Build | House |
| 11:19 | Build | House |
| 11:23 | Create | Villager (Male) |
| 11:23 | Create | Villager (Male) |
| 11:39 | Build | House |
| 12:15 | Build | Mill |
| 12:21 | Age | Feudal Age |
| 12:24 | Build | Stable |
| 12:26 | Build | House |
| 12:31 | Research | Double-Bit Axe |
| 12:46 | Create | Villager (Male) |
| 13:03 | Create | Scout Cavalry ×4 |
| 13:19 | Create | Villager (Male) |
| 13:37 | Create | Villager (Male) |
| 14:00 | Build | Blacksmith |
| 14:02 | Build | House |
| 14:19 | Create | Villager (Male) |
| 14:19 | Create | Villager (Male) |
| 14:53 | Create | Villager (Male) |
| 15:01 | Create | Scout Cavalry |
| 15:14 | Create | Villager (Male) |
| 15:15 | Create | Villager (Male) |
| 15:54 | Create | Villager (Male) |
| 15:54 | Create | Villager (Male) |
| 15:58 | Build | House |
| 15:59 | Build | Palisade Wall |
| 16:00 | Build | Palisade Wall |
| 16:06 | Create | Villager (Male) |
| 16:06 | Create | Villager (Male) |
| 16:59 | Build | Mining Camp |
| 17:03 | Build | Farm |
| 17:03 | Build | Farm |
| 17:03 | Build | Farm |
| 17:03 | Build | Farm |
| 17:04 | Build | Farm |
| 17:05 | Build | Farm |
| 17:05 | Build | Farm |
| 17:08 | Create | Villager (Male) |
| 18:17 | Research | Castle Age |
| 19:04 | Research | Forging |
| 19:07 | Research | Bloodlines |
| 19:15 | Build | Stable |
| 19:16 | Build | Stable |
| 19:20 | Research | Horse Collar |
| 19:35 | Research | Scale Barding Armor |
| 20:27 | Build | House |
| 20:28 | Build | House |
| 20:43 | Research | Wheelbarrow |
| 20:43 | Age | Castle Age |
| 20:44 | Create | Villager (Male) |
| 20:44 | Create | Villager (Male) |
| 20:45 | Create | Knight ×2 |
| 21:14 | Create | Knight ×3 |
| 21:26 | Create | Villager (Male) |
| 21:28 | Build | Farm |
| 21:29 | Build | Farm |
| 21:29 | Build | Farm |
| 21:56 | Create | Knight |
| 21:58 | Create | Villager (Male) |
| 22:12 | Create | Knight |
| 22:15 | Create | Knight |
| 22:29 | Build | Town Center |
| 22:45 | Research | Husbandry |
| 22:46 | Create | Villager (Male) |
| 23:07 | Build | House |
| 23:22 | Create | Camel Scout ×4 |
| 23:38 | Create | Camel Scout ×2 |
| 24:32 | Create | Knight |
| 24:32 | Create | Camel Scout |
| 24:33 | Create | Knight |
| 25:38 | Create | Knight ×3 |
| 26:01 | Create | Knight |
| 27:04 | Create | Knight ×3 |
| 27:38 | Create | Knight |
| 27:45 | Build | Farm |
| 27:50 | Create | Villager (Male) ×5 |
| 28:02 | Build | Castle |
| 28:07 | Create | Knight |
| 28:19 | Create | Villager (Male) ×5 |
| 28:59 | Create | Knight ×3 |
| 29:00 | Create | Knight |
| 29:07 | Create | Villager (Male) ×5 |
| 29:26 | Create | Knight |
| 29:53 | Create | Knight ×2 |
| 30:32 | Create | Villager (Male) ×5 |
| 31:03 | Build | House |
| 31:03 | Build | House |
| 31:04 | Build | House |
| 31:04 | Build | House |
| 31:04 | Build | House |
| 31:11 | Create | Knight ×3 |
| 31:17 | Create | Villager (Male) |
| 31:24 | Build | Monastery |
| 31:28 | Create | Villager (Male) ×2 |
| 31:48 | Build | Farm |
| 31:48 | Build | Farm |
| 31:48 | Build | Farm |
| 31:49 | Build | Farm |
| 31:49 | Build | Farm |
| 31:49 | Build | Farm |
| 31:49 | Build | Farm |
| 31:55 | Create | Monk |
| 32:32 | Create | Knight ×5 |
| 33:00 | Build | Stable |
| 33:01 | Build | Stable |
| 33:24 | Build | Castle |
| 33:50 | Create | Knight ×5 |
| 33:52 | Create | Villager (Male) ×4 |
| 34:06 | Create | Knight |
| 34:10 | Build | House |
| 34:13 | Build | House |
| 34:14 | Build | House |
Build order — Falso Caballero
First 150 of 342 actions detected
| 0:33 | Build | Town Center |
| 0:56 | Build | Town Center |
| 1:08 | Build | Dock |
| 1:10 | Build | House |
| 3:04 | Create | Villager (Male) |
| 3:04 | Create | Villager (Male) |
| 3:04 | Create | Villager (Male) |
| 3:04 | Create | Villager (Male) |
| 3:05 | Create | Villager (Male) |
| 3:55 | Create | Fishing Ship |
| 4:12 | Create | Villager (Male) |
| 4:12 | Create | Villager (Male) |
| 4:13 | Create | Villager (Male) |
| 4:39 | Create | Villager (Male) |
| 4:39 | Create | Villager (Male) |
| 5:06 | Build | House |
| 5:12 | Create | Villager (Male) |
| 5:12 | Create | Villager (Male) |
| 5:43 | Create | Villager (Male) |
| 6:08 | Create | Fishing Ship |
| 6:16 | Build | House |
| 6:23 | Create | Villager (Male) |
| 6:48 | Create | Villager (Male) |
| 6:48 | Create | Villager (Male) |
| 6:54 | Create | Fishing Ship |
| 6:54 | Create | Fishing Ship |
| 7:09 | Create | Villager (Male) |
| 7:10 | Create | Villager (Male) |
| 7:10 | Create | Villager (Male) |
| 7:23 | Create | Fishing Ship |
| 7:33 | Create | Villager (Male) |
| 7:42 | Build | House |
| 8:00 | Create | Villager (Male) |
| 8:01 | Create | Villager (Male) |
| 8:02 | Create | Villager (Male) |
| 8:20 | Build | Mill |
| 8:42 | Create | Villager (Male) |
| 8:45 | Create | Villager (Male) |
| 8:50 | Build | House |
| 9:02 | Create | Villager (Male) |
| 9:02 | Create | Villager (Male) |
| 9:04 | Build | House |
| 9:26 | Create | Villager (Male) |
| 9:31 | Create | Fishing Ship |
| 9:33 | Build | House |
| 10:08 | Build | House |
| 10:54 | Build | Mining Camp |
| 10:59 | Research | Feudal Age |
| 11:37 | Build | House |
| 12:31 | Create | Villager (Male) |
| 12:32 | Create | Villager (Male) |
| 13:10 | Age | Feudal Age |
| 13:22 | Build | Blacksmith |
| 13:26 | Build | Market |
| 13:32 | Build | Palisade Wall |
| 13:51 | Create | Villager (Male) |
| 14:14 | Research | Castle Age |
| 14:14 | Research | Castle Age |
| 14:46 | Build | House |
| 15:04 | Create | Fire Galley |
| 15:31 | Build | Lumber Camp |
| 15:41 | Create | Villager (Male) |
| 15:42 | Create | Villager (Male) |
| 16:08 | Research | Double-Bit Axe |
| 16:39 | Create | Fire Galley |
| 16:41 | Create | Villager (Male) |
| 17:05 | Age | Castle Age |
| 17:13 | Research | Bow Saw |
| 17:30 | Create | Fire Galley |
| 17:40 | Create | Unit 2626 |
| 17:44 | Create | Villager (Male) |
| 18:01 | Create | Villager (Male) |
| 18:15 | Create | Villager (Male) |
| 18:25 | Build | Town Center |
| 18:41 | Create | Villager (Male) |
| 18:51 | Build | House |
| 19:12 | Build | House |
| 19:18 | Build | Dock |
| 19:31 | Create | Fishing Ship |
| 19:51 | Create | Villager (Male) |
| 19:51 | Create | Villager (Male) |
| 20:26 | Create | Unit 2626 |
| 20:26 | Create | Unit 2626 |
| 20:26 | Create | Villager (Male) |
| 20:30 | Build | Farm |
| 20:33 | Build | Farm |
| 20:34 | Build | Farm |
| 20:36 | Build | Farm |
| 20:40 | Build | Farm |
| 20:46 | Build | Farm |
| 20:48 | Build | Farm |
| 20:51 | Build | Farm |
| 20:54 | Create | Villager (Male) |
| 20:58 | Create | Villager (Male) |
| 21:00 | Build | Farm |
| 21:07 | Build | Castle |
| 21:10 | Build | House |
| 22:03 | Create | Unit 2626 |
| 22:03 | Create | Unit 2626 |
| 22:04 | Create | Villager (Male) |
| 22:06 | Research | Forging |
| 22:06 | Create | Villager (Male) |
| 22:15 | Create | Villager (Male) |
| 22:25 | Build | Farm |
| 22:27 | Build | Farm |
| 22:31 | Build | Farm |
| 22:33 | Build | Farm |
| 22:39 | Build | Farm |
| 22:40 | Create | Villager (Male) |
| 23:00 | Create | Villager (Male) |
| 23:25 | Create | Villager (Male) |
| 23:37 | Build | Town Center |
| 23:56 | Create | Villager (Male) |
| 24:15 | Create | Villager (Male) |
| 24:27 | Research | Imperial Age |
| 24:39 | Research | Fletching |
| 24:49 | Research | Gold Mining |
| 24:57 | Create | Genoese Crossbowman |
| 24:57 | Create | Genoese Crossbowman |
| 24:57 | Create | Genoese Crossbowman |
| 25:09 | Create | Villager (Male) |
| 25:09 | Create | Villager (Male) |
| 25:23 | Create | Genoese Crossbowman |
| 25:23 | Create | Genoese Crossbowman |
| 25:41 | Create | Genoese Crossbowman |
| 25:43 | Research | Bodkin Arrow |
| 25:53 | Create | Villager (Male) |
| 25:53 | Create | Villager (Male) |
| 26:01 | Create | Genoese Crossbowman |
| 26:15 | Build | Mining Camp |
| 26:17 | Create | Villager (Male) |
| 26:17 | Create | Villager (Male) |
| 26:47 | Build | University |
| 26:56 | Create | Genoese Crossbowman |
| 26:56 | Create | Genoese Crossbowman |
| 26:59 | Create | Villager (Male) |
| 27:05 | Create | Villager (Male) |
| 27:05 | Create | Villager (Male) |
| 27:21 | Create | Villager (Male) |
| 27:37 | Age | Imperial Age |
| 27:38 | Research | Bracer |
| 27:42 | Create | Villager (Male) |
| 28:04 | Create | Villager (Male) |
| 28:17 | Create | Genoese Crossbowman |
| 28:17 | Create | Genoese Crossbowman |
| 28:19 | Create | Villager (Male) |
| 28:23 | Research | Ballistics |
| 28:37 | Create | Villager (Male) |
| 28:37 | Create | Villager (Male) |
| 28:37 | Create | Villager (Male) |
Build order — Mr. C
First 150 of 379 actions detected
| 0:18 | Build | Town Center |
| 2:33 | Create | Villager (Male) |
| 2:33 | Create | Villager (Male) |
| 2:36 | Create | Villager (Male) |
| 2:36 | Create | Villager (Male) |
| 3:44 | Build | Dock |
| 4:01 | Research | Loom |
| 4:43 | Create | Villager (Male) |
| 5:06 | Create | Villager (Male) |
| 5:22 | Create | Fishing Ship |
| 5:32 | Create | Villager (Male) |
| 5:55 | Create | Villager (Male) |
| 6:24 | Create | Villager (Male) |
| 6:25 | Create | Villager (Male) |
| 6:37 | Create | Fishing Ship |
| 7:04 | Create | Villager (Male) |
| 7:08 | Create | Fishing Ship |
| 7:27 | Create | Villager (Male) |
| 7:28 | Create | Villager (Male) |
| 7:43 | Create | Fishing Ship |
| 8:02 | Create | Villager (Male) |
| 8:03 | Create | Villager (Male) |
| 8:18 | Create | Fishing Ship |
| 8:36 | Create | Villager (Male) |
| 9:02 | Create | Villager (Male) |
| 9:05 | Create | Fishing Ship |
| 9:34 | Create | Villager (Male) |
| 9:34 | Create | Villager (Male) |
| 9:34 | Create | Villager (Male) |
| 9:39 | Create | Fishing Ship |
| 9:41 | Create | Villager (Male) |
| 10:12 | Build | Mill |
| 10:18 | Create | Villager (Male) |
| 10:25 | Create | Fishing Ship |
| 11:10 | Build | Lumber Camp |
| 11:11 | Create | Villager (Male) |
| 11:11 | Create | Villager (Male) |
| 11:17 | Create | Fishing Ship |
| 11:35 | Create | Fishing Ship |
| 11:36 | Create | Villager (Male) |
| 11:54 | Research | Feudal Age |
| 11:59 | Create | Fishing Ship |
| 12:22 | Build | Dock |
| 12:59 | Create | Fishing Ship |
| 13:02 | Create | Fishing Ship |
| 13:37 | Create | Villager (Male) |
| 14:14 | Age | Feudal Age |
| 14:17 | Build | Market |
| 14:19 | Build | Blacksmith |
| 14:25 | Create | Villager (Male) |
| 14:38 | Create | Fishing Ship |
| 14:41 | Create | Fishing Ship |
| 14:52 | Research | Tech 906 |
| 15:16 | Research | Castle Age |
| 15:23 | Create | Villager (Male) |
| 15:41 | Build | Mining Camp |
| 15:46 | Create | Fishing Ship |
| 15:56 | Research | Double-Bit Axe |
| 16:33 | Create | Galley |
| 16:33 | Create | Galley |
| 17:03 | Create | Galley |
| 17:06 | Research | Fletching |
| 17:14 | Build | Palisade Wall |
| 17:16 | Build | Palisade Wall |
| 17:17 | Build | Palisade Wall |
| 17:20 | Build | Palisade Wall |
| 17:22 | Build | Palisade Wall |
| 17:24 | Build | Palisade Wall |
| 17:27 | Build | Palisade Wall |
| 17:35 | Build | Palisade Gate |
| 17:41 | Build | Palisade Wall |
| 17:50 | Create | Villager (Male) |
| 17:56 | Age | Castle Age |
| 18:04 | Create | Galley |
| 18:12 | Create | Galley |
| 18:13 | Create | Galley |
| 18:16 | Create | Villager (Male) |
| 18:16 | Create | Villager (Male) |
| 18:33 | Create | Villager (Male) |
| 18:42 | Build | Palisade Wall |
| 19:00 | Research | Bodkin Arrow |
| 19:00 | Create | Villager (Male) |
| 19:01 | Create | Villager (Male) |
| 19:08 | Build | Barracks |
| 19:09 | Create | Villager (Male) |
| 19:09 | Create | Villager (Male) |
| 19:31 | Create | Galley |
| 19:31 | Create | Galley |
| 19:35 | Research | War Galley (upgrade) |
| 19:43 | Create | Villager (Male) |
| 19:54 | Research | Gold Mining |
| 19:55 | Research | Bow Saw |
| 20:04 | Create | Galley |
| 20:16 | Create | Spearman |
| 20:16 | Create | Spearman |
| 20:54 | Create | Villager (Male) |
| 20:54 | Create | Villager (Male) |
| 20:54 | Create | Villager (Male) |
| 21:04 | Create | Galley |
| 21:05 | Create | Galley |
| 21:24 | Create | Villager (Male) |
| 21:24 | Create | Villager (Male) |
| 21:26 | Create | Galley |
| 21:26 | Create | Galley |
| 21:41 | Create | Galley |
| 21:41 | Create | Galley |
| 21:48 | Create | Villager (Male) |
| 21:50 | Build | Lumber Camp |
| 21:51 | Create | Villager (Male) |
| 21:51 | Create | Villager (Male) |
| 21:51 | Create | Villager (Male) |
| 22:04 | Research | Gillnets |
| 22:10 | Create | Villager (Male) |
| 22:45 | Create | Galley |
| 22:45 | Create | Galley |
| 22:45 | Create | Galley |
| 22:57 | Create | Villager (Male) |
| 22:57 | Create | Villager (Male) |
| 23:29 | Build | Town Center |
| 23:59 | Create | Villager (Male) |
| 24:02 | Build | Farm |
| 24:03 | Build | Farm |
| 24:03 | Build | Farm |
| 24:03 | Build | Farm |
| 24:04 | Build | Farm |
| 24:04 | Build | Farm |
| 24:10 | Research | Horse Collar |
| 24:41 | Create | Villager (Male) |
| 24:41 | Create | Villager (Male) |
| 24:51 | Create | Galley |
| 24:51 | Create | Galley |
| 25:02 | Build | University |
| 25:12 | Create | Villager (Male) |
| 25:48 | Create | Galley |
| 25:49 | Create | Galley |
| 25:49 | Create | Galley |
| 26:14 | Create | Villager (Male) |
| 26:14 | Create | Villager (Male) |
| 26:17 | Create | Galley |
| 26:17 | Create | Galley |
| 26:27 | Research | Ballistics |
| 26:29 | Create | Villager (Male) |
| 26:29 | Create | Villager (Male) |
| 26:36 | Create | Galley |
| 26:36 | Create | Galley |
| 26:47 | Create | Villager (Male) |
| 26:52 | Research | Gold Shaft Mining |
| 26:59 | Research | Heavy Plow |
| 27:07 | Create | Galley |
| 27:07 | Create | Galley |
Build order — Mr. Fay
First 150 of 292 actions detected
| 0:05 | Build | Town Center |
| 0:27 | Build | House |
| 1:21 | Build | Dock |
| 2:28 | Create | Villager (Male) |
| 2:28 | Create | Villager (Male) |
| 2:28 | Create | Villager (Male) |
| 2:29 | Create | Villager (Male) |
| 3:37 | Create | Fishing Ship |
| 3:56 | Create | Villager (Male) |
| 3:57 | Research | Loom |
| 4:26 | Create | Fishing Ship |
| 4:43 | Build | House |
| 5:14 | Create | Villager (Male) |
| 5:15 | Create | Villager (Male) |
| 5:53 | Create | Villager (Male) |
| 6:16 | Build | House |
| 6:25 | Create | Villager (Male) |
| 6:26 | Create | Villager (Male) |
| 6:26 | Create | Villager (Male) |
| 7:05 | Create | Villager (Male) |
| 7:11 | Create | Villager (Male) |
| 7:12 | Create | Villager (Male) |
| 7:28 | Create | Fishing Ship |
| 7:41 | Build | House |
| 8:50 | Create | Villager (Male) |
| 8:50 | Create | Villager (Male) |
| 8:56 | Build | House |
| 8:58 | Create | Fishing Ship |
| 9:32 | Create | Villager (Male) |
| 10:02 | Build | Mill |
| 10:12 | Create | Villager (Male) |
| 10:35 | Create | Fishing Ship |
| 10:36 | Create | Fishing Ship |
| 10:41 | Build | House |
| 10:49 | Research | Feudal Age |
| 11:15 | Build | Mining Camp |
| 12:58 | Age | Feudal Age |
| 13:04 | Build | Dock |
| 13:06 | Create | Villager (Male) |
| 13:06 | Create | Villager (Male) |
| 13:13 | Build | Market |
| 13:22 | Create | Villager (Male) |
| 13:22 | Create | Villager (Male) |
| 13:49 | Build | Lumber Camp |
| 14:41 | Build | Blacksmith |
| 14:45 | Build | House |
| 14:48 | Create | Villager (Male) |
| 14:59 | Create | Fishing Ship |
| 15:09 | Research | Double-Bit Axe |
| 15:24 | Research | Castle Age |
| 16:47 | Create | Unit 2626 |
| 17:14 | Create | Unit 2626 |
| 17:18 | Create | Unit 2626 |
| 17:37 | Research | Forging |
| 18:04 | Age | Castle Age |
| 18:09 | Build | Castle |
| 18:12 | Create | Villager (Male) |
| 18:12 | Create | Villager (Male) |
| 18:18 | Build | Farm |
| 18:18 | Build | Farm |
| 18:19 | Build | Farm |
| 18:19 | Build | Farm |
| 18:19 | Build | Farm |
| 18:20 | Build | Farm |
| 18:20 | Build | Farm |
| 18:21 | Build | Farm |
| 18:30 | Research | War Galley (upgrade) |
| 18:57 | Create | Unit 2626 |
| 19:09 | Create | Unit 2626 |
| 19:22 | Create | Villager (Male) |
| 19:22 | Create | Villager (Male) |
| 19:53 | Create | Villager (Male) |
| 19:58 | Create | Mameluke |
| 20:42 | Create | Villager (Male) |
| 20:42 | Create | Villager (Male) |
| 20:46 | Create | Mameluke |
| 20:58 | Build | Town Center |
| 21:14 | Create | Villager (Male) |
| 21:23 | Build | Barracks |
| 21:26 | Create | Mameluke |
| 21:59 | Create | Unit 2626 ×2 |
| 22:06 | Create | Villager (Male) |
| 22:07 | Create | Villager (Male) |
| 22:20 | Build | Farm |
| 22:48 | Create | Mameluke |
| 22:52 | Build | Farm |
| 22:53 | Create | Villager (Male) |
| 23:05 | Create | Unit 2626 |
| 23:05 | Create | Unit 2626 |
| 23:08 | Create | Villager (Male) |
| 23:38 | Create | Villager (Male) |
| 23:40 | Create | Villager (Male) |
| 23:47 | Build | Farm |
| 24:02 | Build | Farm |
| 24:02 | Build | Farm |
| 24:03 | Build | Farm |
| 24:19 | Create | Villager (Male) |
| 24:19 | Create | Villager (Male) |
| 24:19 | Create | Villager (Male) |
| 24:21 | Build | Farm |
| 24:42 | Create | Mameluke |
| 24:42 | Create | Mameluke |
| 25:10 | Build | Stable |
| 25:12 | Create | Villager (Male) |
| 25:13 | Create | Villager (Male) |
| 25:14 | Create | Villager (Male) |
| 25:45 | Create | Mameluke |
| 25:45 | Create | Mameluke |
| 26:00 | Create | Villager (Male) |
| 26:03 | Create | Mameluke |
| 26:17 | Build | Farm |
| 26:18 | Create | Villager (Male) |
| 26:30 | Create | Villager (Male) |
| 27:00 | Research | Scale Barding Armor |
| 27:16 | Research | Town Watch |
| 27:43 | Build | Farm |
| 27:43 | Build | Farm |
| 27:43 | Build | Farm |
| 27:43 | Build | Farm |
| 27:44 | Build | Farm |
| 27:44 | Build | Farm |
| 27:44 | Build | Farm |
| 27:44 | Build | Farm |
| 27:45 | Build | Farm |
| 27:45 | Build | Farm |
| 28:32 | Build | Farm |
| 28:33 | Create | Villager (Male) |
| 28:34 | Create | Villager (Male) |
| 28:34 | Create | Villager (Male) |
| 28:35 | Research | Wheelbarrow |
| 28:55 | Build | Farm |
| 28:58 | Create | Villager (Male) |
| 28:59 | Create | Villager (Male) |
| 29:07 | Build | Castle |
| 29:09 | Create | Villager (Male) |
| 29:10 | Create | Villager (Male) |
| 29:19 | Create | Villager (Male) |
| 29:19 | Create | Villager (Male) |
| 29:47 | Build | Archery Range |
| 29:48 | Build | Archery Range |
| 29:51 | Research | Fletching |
| 29:52 | Research | Padded Archer Armor |
| 30:40 | Build | Castle |
| 31:08 | Research | Elite Skirmisher (upgrade) |
| 31:11 | Research | Leather Archer Armor |
| 31:14 | Create | Villager (Male) |
| 31:14 | Create | Villager (Male) |
| 31:15 | Create | Villager (Male) |
| 31:15 | Create | Villager (Male) |
| 31:42 | Build | University |
Build order — HIX | Milongo
First 150 of 340 actions detected
| 0:28 | Build | Town Center |
| 0:53 | Build | Dock |
| 0:58 | Build | House |
| 2:41 | Build | Palisade Wall |
| 2:58 | Create | Villager (Male) |
| 3:30 | Create | Villager (Male) |
| 3:32 | Create | Villager (Male) |
| 3:32 | Create | Villager (Male) |
| 4:23 | Create | Fishing Ship |
| 4:33 | Build | House |
| 4:45 | Research | Loom |
| 5:07 | Create | Villager (Male) |
| 5:33 | Create | Villager (Male) |
| 5:59 | Create | Villager (Male) |
| 6:20 | Create | Villager (Male) |
| 6:27 | Create | Fishing Ship |
| 6:33 | Build | House |
| 6:58 | Create | Villager (Male) |
| 7:01 | Create | Villager (Male) |
| 7:09 | Create | Fishing Ship |
| 7:32 | Create | Fishing Ship |
| 7:49 | Create | Villager (Male) |
| 7:53 | Create | Villager (Male) |
| 8:00 | Build | House |
| 8:29 | Create | Villager (Male) |
| 8:37 | Create | Fishing Ship |
| 9:10 | Create | Villager (Male) |
| 9:12 | Create | Villager (Male) |
| 9:13 | Create | Villager (Male) |
| 9:25 | Build | House |
| 9:29 | Create | Fishing Ship |
| 9:34 | Create | Villager (Male) |
| 9:46 | Build | House |
| 10:30 | Create | Villager (Male) |
| 10:49 | Create | Fishing Ship |
| 11:01 | Build | Dock |
| 11:15 | Create | Villager (Male) |
| 11:27 | Create | Villager (Male) |
| 11:34 | Create | Villager (Male) |
| 11:39 | Build | Mill |
| 11:42 | Create | Villager (Male) |
| 11:51 | Create | Fishing Ship |
| 11:51 | Create | Fishing Ship |
| 12:10 | Create | Villager (Male) |
| 12:17 | Create | Villager (Male) |
| 12:39 | Build | Lumber Camp |
| 12:54 | Research | Feudal Age |
| 13:07 | Create | Fishing Ship |
| 13:18 | Build | House |
| 13:18 | Build | House |
| 13:36 | Create | Villager (Male) |
| 14:00 | Build | Mining Camp |
| 14:13 | Age | Feudal Age |
| 14:26 | Build | House |
| 14:38 | Create | Villager (Male) |
| 14:40 | Research | Double-Bit Axe |
| 14:43 | Create | Villager (Male) |
| 14:49 | Create | Unit 2626 |
| 14:49 | Create | Unit 2626 |
| 15:09 | Research | Tech 906 |
| 15:15 | Build | House |
| 15:17 | Create | Villager (Male) |
| 15:29 | Create | Villager (Male) |
| 15:33 | Create | Unit 2626 |
| 15:52 | Build | Dock |
| 15:56 | Create | Villager (Male) |
| 16:13 | Build | Blacksmith |
| 16:34 | Build | Mining Camp |
| 16:39 | Create | Villager (Male) |
| 17:08 | Build | Market |
| 17:19 | Create | Villager (Male) |
| 17:21 | Research | Town Watch |
| 17:28 | Create | Unit 2626 ×3 |
| 17:30 | Create | Villager (Male) |
| 17:41 | Build | House |
| 17:42 | Build | House |
| 18:21 | Research | Castle Age |
| 18:50 | Build | Lumber Camp |
| 19:01 | Research | Gold Mining |
| 19:03 | Research | Horse Collar |
| 19:09 | Create | Unit 2626 ×3 |
| 19:24 | Build | House |
| 19:34 | Create | Unit 2626 |
| 20:01 | Create | Villager (Male) |
| 20:10 | Age | Castle Age |
| 20:20 | Research | War Galley (upgrade) |
| 20:21 | Research | Gillnets |
| 20:33 | Create | Villager (Male) |
| 20:35 | Create | Villager (Male) |
| 20:46 | Build | Dock |
| 20:55 | Research | Forging |
| 20:56 | Create | Villager (Male) |
| 21:00 | Build | Palisade Wall |
| 21:10 | Build | Town Center |
| 21:13 | Research | Bow Saw |
| 21:46 | Create | Unit 2626 ×2 |
| 21:48 | Create | Villager (Male) |
| 22:05 | Build | Lumber Camp |
| 22:07 | Create | Villager (Male) |
| 22:30 | Create | Villager (Male) |
| 23:00 | Build | Farm |
| 23:04 | Create | Villager (Male) |
| 23:05 | Create | Villager (Male) |
| 23:06 | Create | Villager (Male) |
| 23:06 | Create | Villager (Male) |
| 23:07 | Create | Villager (Male) |
| 23:23 | Create | Unit 2626 ×5 |
| 23:25 | Create | Villager (Male) |
| 23:26 | Create | Villager (Male) |
| 23:39 | Research | Heavy Plow |
| 23:50 | Build | Lumber Camp |
| 23:56 | Create | Villager (Male) |
| 23:57 | Create | Villager (Male) |
| 24:21 | Build | Castle |
| 24:31 | Build | Farm |
| 24:40 | Build | House |
| 24:41 | Build | House |
| 24:47 | Create | Unit 2626 ×5 |
| 24:57 | Create | Villager (Male) |
| 24:57 | Create | Villager (Male) |
| 24:58 | Create | Villager (Male) |
| 24:59 | Create | Villager (Male) |
| 24:59 | Create | Villager (Male) |
| 25:08 | Build | Barracks |
| 25:23 | Build | Mill |
| 25:44 | Create | Villager (Male) |
| 25:44 | Create | Villager (Male) |
| 25:46 | Create | Villager (Male) |
| 25:53 | Build | Town Center |
| 26:12 | Create | Unit 2626 ×4 |
| 26:25 | Build | Archery Range |
| 26:26 | Build | Archery Range |
| 26:28 | Build | Archery Range |
| 26:33 | Build | Archery Range |
| 26:35 | Research | Fletching |
| 26:37 | Create | Villager (Male) |
| 26:39 | Create | Villager (Male) |
| 27:04 | Create | Karambit Warrior |
| 27:04 | Create | Karambit Warrior |
| 27:04 | Create | Karambit Warrior |
| 27:17 | Build | Town Center |
| 27:19 | Create | Karambit Warrior |
| 27:26 | Create | Archer ×5 |
| 27:30 | Build | Lumber Camp |
| 27:34 | Build | House |
| 27:35 | Build | House |
| 27:38 | Build | Farm |
| 27:39 | Create | Villager (Male) |
| 27:41 | Create | Villager (Male) |
| 27:46 | Research | Crossbowman (upgrade) |
Build order — Mr. Bannon
First 150 of 415 actions detected
| 0:05 | Build | House |
| 0:12 | Build | Town Center |
| 1:18 | Build | Dock |
| 2:44 | Create | Villager (Male) |
| 2:44 | Create | Villager (Male) |
| 2:44 | Create | Villager (Male) |
| 2:44 | Create | Villager (Male) |
| 3:56 | Create | Fishing Ship |
| 4:21 | Research | Loom |
| 4:33 | Create | Villager (Male) |
| 4:45 | Build | House |
| 5:17 | Create | Villager (Male) |
| 5:17 | Create | Villager (Male) |
| 5:29 | Create | Villager (Male) |
| 5:51 | Create | Villager (Male) |
| 5:51 | Create | Villager (Male) |
| 6:12 | Create | Fishing Ship |
| 6:24 | Build | House |
| 6:27 | Create | Villager (Male) |
| 6:27 | Create | Villager (Male) |
| 6:45 | Create | Villager (Male) |
| 7:20 | Create | Fishing Ship |
| 7:30 | Create | Villager (Male) |
| 7:39 | Create | Fishing Ship |
| 8:04 | Build | House |
| 8:19 | Create | Villager (Male) |
| 8:22 | Create | Villager (Male) |
| 8:22 | Create | Villager (Male) |
| 8:27 | Create | Fishing Ship |
| 8:46 | Create | Villager (Male) |
| 8:46 | Create | Villager (Male) |
| 8:52 | Create | Fishing Ship |
| 9:27 | Create | Villager (Male) |
| 9:30 | Create | Fishing Ship |
| 9:55 | Create | Villager (Male) |
| 9:55 | Create | Villager (Male) |
| 9:56 | Create | Fishing Ship |
| 9:59 | Build | House |
| 10:44 | Create | Villager (Male) |
| 10:44 | Create | Villager (Male) |
| 10:54 | Build | Mining Camp |
| 10:59 | Create | Villager (Male) |
| 10:59 | Create | Villager (Male) |
| 11:05 | Build | House |
| 12:00 | Create | Fishing Ship |
| 12:10 | Build | House |
| 12:16 | Research | Feudal Age |
| 12:16 | Research | Feudal Age |
| 12:39 | Create | Fishing Ship |
| 13:00 | Build | Mill |
| 13:21 | Create | Villager (Male) |
| 13:21 | Create | Villager (Male) |
| 14:14 | Build | House |
| 14:21 | Create | Villager (Male) |
| 14:22 | Create | Villager (Male) |
| 14:39 | Age | Feudal Age |
| 14:41 | Build | Market |
| 14:44 | Build | Blacksmith |
| 15:04 | Build | House |
| 15:56 | Research | Castle Age |
| 15:56 | Research | Castle Age |
| 16:36 | Build | Mining Camp |
| 16:44 | Build | Mining Camp |
| 16:58 | Research | Padded Archer Armor |
| 17:22 | Create | Villager (Male) |
| 17:22 | Create | Villager (Male) |
| 18:02 | Create | Villager (Male) |
| 18:02 | Create | Villager (Male) |
| 18:37 | Age | Castle Age |
| 18:40 | Build | Castle |
| 18:45 | Research | Gold Mining |
| 18:47 | Research | Horse Collar |
| 18:56 | Build | Lumber Camp |
| 18:59 | Research | Leather Archer Armor |
| 19:16 | Research | Double-Bit Axe |
| 19:46 | Create | Conquistador |
| 19:46 | Create | Conquistador |
| 19:46 | Create | Conquistador |
| 19:46 | Create | Conquistador |
| 19:47 | Create | Conquistador |
| 19:52 | Research | Bow Saw |
| 19:52 | Research | Bow Saw |
| 20:27 | Create | Villager (Male) |
| 20:27 | Create | Villager (Male) |
| 20:45 | Create | Conquistador |
| 20:53 | Create | Villager (Male) |
| 21:02 | Build | Farm |
| 21:03 | Build | Farm |
| 21:04 | Build | Farm |
| 21:08 | Build | Farm |
| 21:13 | Build | Barracks |
| 21:19 | Create | Conquistador |
| 21:45 | Create | Villager (Male) |
| 21:46 | Create | Conquistador |
| 22:12 | Build | Stable |
| 22:13 | Create | Conquistador |
| 22:13 | Create | Conquistador |
| 22:13 | Create | Conquistador |
| 22:56 | Create | Conquistador |
| 22:57 | Create | Conquistador |
| 22:57 | Create | Conquistador |
| 22:57 | Create | Conquistador |
| 22:59 | Research | Husbandry |
| 22:59 | Research | Husbandry |
| 23:21 | Create | Villager (Male) |
| 23:21 | Create | Villager (Male) |
| 23:59 | Create | Villager (Male) |
| 23:59 | Create | Villager (Male) |
| 23:59 | Create | Villager (Male) |
| 23:59 | Create | Villager (Male) |
| 24:09 | Research | Bloodlines |
| 24:10 | Research | Bloodlines |
| 24:52 | Create | Conquistador |
| 24:52 | Create | Conquistador |
| 24:52 | Create | Conquistador |
| 24:53 | Create | Conquistador |
| 25:10 | Build | Town Center |
| 25:15 | Create | Conquistador |
| 26:00 | Create | Conquistador |
| 26:00 | Create | Conquistador |
| 26:01 | Create | Conquistador |
| 26:01 | Create | Conquistador |
| 26:02 | Create | Villager (Male) |
| 27:00 | Create | Conquistador |
| 27:00 | Create | Conquistador |
| 27:00 | Create | Conquistador |
| 27:01 | Create | Conquistador |
| 27:06 | Create | Villager (Male) |
| 27:06 | Create | Villager (Male) |
| 27:12 | Build | Mill |
| 27:13 | Build | Farm |
| 27:13 | Build | Farm |
| 27:14 | Build | Farm |
| 27:14 | Build | Farm |
| 27:14 | Build | Farm |
| 27:15 | Build | Farm |
| 27:15 | Build | Farm |
| 27:15 | Build | Farm |
| 27:15 | Build | Farm |
| 27:46 | Build | Castle |
| 27:56 | Create | Conquistador |
| 27:57 | Create | Conquistador |
| 27:57 | Create | Conquistador |
| 28:40 | Research | Fletching |
| 28:40 | Research | Fletching |
| 29:05 | Create | Conquistador |
| 29:28 | Create | Conquistador |
| 29:28 | Create | Conquistador |
| 30:02 | Research | Town Watch |
| 30:02 | Research | Town Watch |
Match timeline
| 0:53 | HIX | Milongo · first_building Dock |
| 1:08 | Falso Caballero · first_building Dock |
| 1:16 | Dadagama · first_building Dock |
| 1:18 | Mr. Bannon · first_building Dock |
| 1:21 | Mr. Fay · first_building Dock |
| 2:41 | HIX | Milongo · wall_segment Palisade Wall x1 |
| 3:44 | Mr. C · first_building Dock |
| 10:02 | Dadagama · first_building Barracks |
| 12:21 | Dadagama · age_up feudal |
| 12:24 | Dadagama · first_building Stable |
| 12:58 | Mr. Fay · age_up feudal |
| 13:10 | Falso Caballero · age_up feudal |
| 13:32 | Falso Caballero · wall_segment Palisade Wall x5 |
| 14:13 | HIX | Milongo · age_up feudal |
| 14:14 | Mr. C · age_up feudal |
| 14:36 | Mr. Fay · first_market_buy 100 wood |
| 14:39 | Mr. Bannon · age_up feudal |
| 15:05 | Mr. C · first_market_sell 100 food |
| 15:55 | Mr. Bannon · first_market_sell 100 wood |
| 15:59 | Dadagama · wall_segment Palisade Wall x1 |
| 16:00 | Dadagama · wall_segment Palisade Wall x1 |
| 16:21 | Mr. Fay · first_market_sell 100 food |
| 17:05 | Falso Caballero · age_up castle |
| 17:14 | Mr. C · wall_segment Palisade Wall x1 |
| 17:16 | Mr. C · wall_segment Palisade Wall x1 |
| 17:17 | Mr. C · wall_segment Palisade Wall x1 |
| 17:20 | Mr. C · wall_segment Palisade Wall x1 |
| 17:22 | Mr. C · wall_segment Palisade Wall x1 |
| 17:24 | Mr. C · wall_segment Palisade Wall x1 |
| 17:27 | Mr. C · wall_segment Palisade Wall x1 |
| 17:41 | Mr. C · wall_segment Palisade Wall x1 |
| 17:56 | Mr. C · age_up castle |
| 18:04 | Mr. Fay · age_up castle |
| 18:09 | Mr. Fay · first_building Castle |
| 18:37 | Mr. Bannon · age_up castle |
| 18:40 | Mr. Bannon · first_building Castle |
| 18:42 | Mr. C · wall_segment Palisade Wall x1 |
| 19:08 | Mr. C · first_building Barracks |
| 20:10 | HIX | Milongo · age_up castle |
| 20:43 | Dadagama · age_up castle |
| 20:44 | Mr. Bannon · first_market_buy 100 food |
| 21:00 | HIX | Milongo · wall_segment Palisade Wall x7 |
| 21:07 | Falso Caballero · first_building Castle |
| 21:13 | Mr. Bannon · first_building Barracks |
| 21:23 | Mr. Fay · first_building Barracks |
| 22:12 | Mr. Bannon · first_building Stable |
| 23:43 | Falso Caballero · first_market_buy 100 food |
| 24:05 | Falso Caballero · first_market_sell 100 wood |
| 24:21 | HIX | Milongo · first_building Castle |
| 25:08 | HIX | Milongo · first_building Barracks |
| 25:10 | Mr. Fay · first_building Stable |
| 26:25 | HIX | Milongo · first_building Archery Range |
| 27:37 | Falso Caballero · age_up imperial |
| 28:02 | Dadagama · first_building Castle |
| 29:47 | Mr. Fay · first_building Archery Range |
| 29:50 | Mr. C · first_building Stable |
| 29:58 | HIX | Milongo · first_market_sell 500 wood |
| 30:00 | HIX | Milongo · first_market_buy 100 food |
| 30:52 | Mr. C · first_building Castle |
| 31:24 | Dadagama · first_building Monastery |
| 32:43 | HIX | Milongo · first_building Siege Workshop |
| 35:05 | Dadagama · wall_segment Palisade Wall x1 |
| 35:05 | Mr. C · age_up imperial |
| 35:05 | Dadagama · wall_segment Palisade Wall x1 |
| 36:07 | Dadagama · wall_segment Stone Wall x8 |
| 37:55 | Mr. Bannon · first_building Archery Range |
| 40:27 | Mr. C · first_building Monastery |
| 40:58 | HIX | Milongo · age_up imperial |
| 41:14 | Dadagama · first_market_sell 100 stone |
| 41:18 | Dadagama · first_market_buy 100 food |
| 44:38 | Mr. Bannon · first_building Siege Workshop |
| 44:54 | Dadagama · tribute_sent a jugador 1 |
| 44:54 | Dadagama · tribute_sent a jugador 2 |
| 44:54 | Dadagama · tribute_sent a jugador 4 |
| 44:54 | Dadagama · tribute_sent a jugador 5 |
| 44:54 | Dadagama · tribute_sent a jugador 6 |
| 44:56 | HIX | Milongo · tribute_sent a jugador 1 |
| 44:56 | HIX | Milongo · tribute_sent a jugador 2 |
| 44:56 | HIX | Milongo · tribute_sent a jugador 3 |
| 44:56 | HIX | Milongo · tribute_sent a jugador 4 |
| 44:56 | HIX | Milongo · tribute_sent a jugador 6 |
| 47:31 | HIX | Milongo · resign |
| 47:44 | Dadagama · tribute_sent a jugador 1 |
| 47:44 | Dadagama · tribute_sent a jugador 2 |
| 47:44 | Dadagama · tribute_sent a jugador 4 |
| 47:44 | Dadagama · tribute_sent a jugador 5 |
| 47:44 | Dadagama · tribute_sent a jugador 6 |
| 47:53 | Mr. C · first_market_buy 100 wood |
[ AI ANALYSIS · 1 CREDIT ]
What really happened in this match?
Wolo.gg analyzes every decision: build order, eco, micro, common mistakes by bracket. Personalized analysis on WhatsApp or Discord in 30 seconds.
Civ guide
Persians
Perfil
Jugador #11526726